 Dungeon Crawl Stone Soup version 0.23-a0-488-g5fd82c5 (webtiles) character file.

4967 Jawreze the Carver (level 10, 0/114 HPs)
             Began as a Demonspawn Berserker on Dec 1, 2018.
             Was a High Priest of Trog.
             Shot with an arrow by a centaur (12 damage)
             ... on level 10 of the Dungeon.
             The game lasted 00:28:20 (15415 turns).

Jawreze the Carver (Demonspawn Berserker)          Turns: 15415, Time: 00:28:21

Health: 0/114      AC:  5    Str: 27    XL:     10   Next: 28%
Magic:  10/10      EV: 12    Int:  9    God:    Trog [*****.]
Gold:   589        SH:  0    Dex: 13    Spells: 9/9 levels left

rFire    . . .     SeeInvis .   a - +0 falchion
rCold    + . .     Gourm    .   (no shield)
rNeg     . . .     Faith    .   y - +2 leather armour {rPois}
rPois    +         Spirit   .   (helmet restricted)
rElec    .         Reflect  .   (no cloak)
rCorr    .         Harm     .   (no gloves)
MR       .....                  (no boots)
Stlth    ..........             (no amulet)
HPRegen  0.29/turn              E - +2 ring of strength
MPRegen  0.12/turn              (no ring)

@: berserking (expiring), lethally poisoned (0 -> -1), slowed
A: claws 2, horns 2, cold resistance 1, foul stench 1, rot immunity
a: Berserk, Trog's Hand, Brothers in Arms, Renounce Religion


You were on level 10 of the Dungeon.
You worshipped Trog.
Trog was extremely pleased with you.
You were not hungry.

You visited 1 branch of the dungeon, and saw 10 of its levels.
You also visited: Sewer.

You collected 589 gold pieces.

Inventory:

Hand Weapons
 a - a +0 falchion (weapon)
Missiles
 N - a throwing net (quivered)
 S - 2 poisoned tomahawks
Armour
 p - a +0 ring mail
 y - a +2 leather armour of poison resistance (worn)
Jewellery
 r - an uncursed amulet of rage {unknown}
 u - an uncursed ring of protection from magic {unknown}
 w - a cursed amulet of the acrobat {unknown}
 B - a cursed -3 ring of intelligence {unknown}
 E - a +2 ring of strength (left claw)
 I - an uncursed ring of stealth {unknown}
 L - an uncursed ring of protection from magic {unknown}
 Q - a cursed ring of attention {unknown}
 R - an uncursed ring of protection from magic {unknown}
Wands
 b - a wand of random effects (32)
 v - a wand of flame (34)
 x - a wand of digging (6)
 A - a wand of acid (13)
 G - a wand of polymorph (7)
 J - a wand of paralysis (7)
Scrolls
 e - 2 scrolls of noise
 f - 2 scrolls of enchant armour {unknown}
 h - a scroll of fog {unknown}
 j - 5 scrolls of remove curse
 k - 7 scrolls of identify
 l - 3 scrolls of teleportation
 m - 3 scrolls of magic mapping {unknown}
 t - a scroll of fear {unknown}
 D - 2 scrolls of blinking {unknown}
 M - 3 scrolls of amnesia {unknown}
 O - a scroll of random uselessness {unknown}
Potions
 d - 5 potions of heal wounds
 g - a potion of lignification {unknown}
 i - 2 potions of berserk rage {unknown}
 n - a potion of ambrosia {unknown}
 o - 3 potions of curing {unknown}
 q - a potion of mutation {unknown}
 s - a potion of cancellation {unknown}
 z - 2 potions of invisibility
 C - a potion of magic {unknown}
 F - 3 potions of flight {unknown}
 H - 2 potions of haste {unknown}
 K - a potion of might {unknown}
Comestibles
 c - 21 rations


   Skills:
 + Level 5.7 Fighting
 * Level 12.4 Long Blades
 + Level 4.7 Armour
 - Level 1.7 Dodging


You had 9 spell levels left.
You didn't know any spells.
Your spell library was empty.

Dungeon Overview and Level Annotations

Branches:
Dungeon (10/15)            Temple (0/1) D:5            Lair (0/6) D:9
    Orc (0/2) D:9

Altars:
Ashenzari
Dithmenos
Elyvilon
Fedhas
Gozag
Hepliaklqana
Okawaru
Qazlal
Ru
Sif Muna
Trog
Wu Jian

Annotations:
D:8 3 runed doors, Xoff's ghost, novice MiFi


Innate Abilities, Weirdness & Mutations

You have very sharp fingernails.
You have a pair of horns on your head.
Your flesh is cold resistant. (rC+)
You may emit foul miasma when damaged in melee.
You are immune to rotting.


Message History

A centaur comes into view.
The hornet is engulfed in dark miasma.
The hornet looks even sicker.
You kill the hornet!
Trog accepts your kill. The orc closely misses you. The centaur hits you.
* * * LOW HITPOINT WARNING * * *
You slash the orc!
You kill the orc!
Trog accepts your kill.
The centaur wields a +0 shortbow.
The centaur shoots an arrow.
The arrow hits you!
* * * LOW HITPOINT WARNING * * *
The centaur barely misses you.
You riposte.
You closely miss the centaur. You headbutt the centaur.
The centaur is severely wounded.
You slash the centaur!
You kill the centaur!
Trog accepts your kill.
The centaur shoots an arrow.
The arrow hits you!
You die...

## .# #
####)###... ...
#.)@ยง......
.....##.##.###...
.......<# .#
....c#### .# ....
.. ### #. [# .#


You could see a centaur.

Vanquished Creatures
  A hornet (D:10)
  A troll (D:9)
  A hippogriff (D:9)
  A wyvern (D:9)
  A water moccasin (D:9)
  3 ice beasts
  A black bear (D:9)
  2 orc warriors
  A phantom (D:8)
  2 sky beasts
  4 ogres
  4 centaurs
  A crocodile (D:7)
  3 big kobolds (D:9)
  6 bullfrogs
  3 scorpions
  A killer bee (D:6)
  6 wights
  2 howler monkeys
  2 crimson imps
  A centaur skeleton (D:4)
  4 orc priests
  7 hounds
  A jelly (D:6)
  A quasit (D:6)
  2 bullfrog skeletons (D:5)
  3 iguanas
  11 orc wizards
  7 worker ants
  A hound zombie (D:6)
  2 hound skeletons
  2 worker ant zombies
  14 adders
  An ooze (D:3)
  An adder skeleton (D:2)
  9 leopard geckos
  40 orcs
  6 ball pythons
  10 bats
  11 giant cockroaches
  13 goblins
  13 hobgoblins
  15 jackals
  34 kobolds
  4 quokkas
  7 frilled lizards
  A giant cockroach zombie (D:6)
  A leopard gecko skeleton (D:7)
  A quokka skeleton (D:5)
  A quokka zombie (D:5)
  4 rats (D:2)
  A plant (Sewer)
275 creatures vanquished.

Vanquished Creatures (others)
  A wizard (D:4)
1 creature vanquished.

Grand Total: 276 creatures vanquished

Notes
Turn   | Place    | Note
-------+----------+-------------------------------------------
     0 | D:1      | Jawreze the Demonspawn Berserker began the quest for the
                  | Orb.
     0 | D:1      | Reached XP level 1. HP: 18/18 MP: 1/1
   120 | D:1      | Reached skill level 3 in Long Blades
   168 | D:1      | Gained mutation: You have sharp fingernails. [demonic
                  | ancestry]
   168 | D:1      | Reached XP level 2. HP: 20/24 MP: 2/2
   966 | D:1      | Reached XP level 3. HP: 29/29 MP: 3/3
  1011 | D:1      | Reached ** piety under Trog
  1295 | D:2      | Reached skill level 4 in Long Blades
  1707 | D:2      | Gained mutation: You are immune to rotting. [demonic
                  | ancestry]
  1707 | D:2      | Reached XP level 4. HP: 35/35 MP: 4/4
  2554 | D:3      | Reached *** piety under Trog
  2584 | D:3      | Found a shattered altar of Ashenzari.
  2586 | D:3      | Found an opulent altar of Gozag.
  2611 | D:3      | Reached skill level 5 in Long Blades
  2935 | D:3      | Gained mutation: Your flesh is cold resistant. (rC+)
                  | [demonic ancestry]
  2935 | D:3      | Reached XP level 5. HP: 41/41 MP: 5/5
  3178 | D:4      | Found a bloodstained altar of Trog.
  3179 | D:4      | Noticed a wizard
  3185 | D:4      | Killed a wizard
  3795 | D:4      | Found a sacrificial altar of Ru.
  3935 | D:4      | Reached skill level 6 in Long Blades
  3935 | D:4      | Gained mutation: You may emit foul miasma when damaged in
                  | melee. [demonic ancestry]
  3935 | D:4      | Reached XP level 6. HP: 38/47 MP: 6/6
  4364 | D:5      | Entered Level 5 of the Dungeon
  4741 | D:5      | Reached skill level 7 in Long Blades
  4781 | D:5      | Noticed an ice beast
  4804 | D:5      | Killed an ice beast
  4804 | D:5      | Reached **** piety under Trog
  4804 | D:5      | Reached XP level 7. HP: 45/52 MP: 7/7
  5236 | D:5      | Reached skill level 8 in Long Blades
  6012 | D:5      | Found an ornate altar of the Wu Jian Council.
  6041 | D:5      | Found a hazy altar of Hepliaklqana.
  6102 | D:5      | Found a staircase to the Ecumenical Temple.
  6158 | D:5      | Found a hazy altar of Hepliaklqana.
  6711 | D:5      | Found an ornate altar of the Wu Jian Council.
  6836 | D:5      | Found a staircase to the Ecumenical Temple.
  7088 | D:6      | Found a glowing drain.
  7116 | Sewer    | Entered a sewer
  7874 | D:6      | Reached skill level 9 in Long Blades
  7874 | D:6      | Gained mutation: You have very sharp fingernails. [demonic
                  | ancestry]
  7874 | D:6      | Reached XP level 8. HP: 54/58 MP: 8/8
  7965 | D:6      | Found a white marble altar of Elyvilon.
  8519 | D:5      | Found an ornate altar of the Wu Jian Council.
  8627 | D:5      | Found a hazy altar of Hepliaklqana.
  8702 | D:5      | Found a staircase to the Ecumenical Temple.
  9327 | D:5      | Reached skill level 10 in Long Blades
 10412 | D:6      | Found an iron altar of Okawaru.
 10715 | D:7      | Found a stormy altar of Qazlal.
 10738 | D:7      | Found a blossoming altar of Fedhas.
 10745 | D:7      | Found a deep blue altar of Sif Muna.
 10826 | D:7      | Reached skill level 11 in Long Blades
 10826 | D:7      | Gained mutation: You have a pair of small horns on your
                  | head. [demonic ancestry]
 10826 | D:7      | Reached XP level 9. HP: 63/63 MP: 9/9
 11691 | D:8      | Found a deep blue altar of Sif Muna.
 12290 | D:8      | Found a runed gate.
 12291 | D:8      | Found a runed gate.
 12382 | D:8      | Identified the +4 ring mail "Wasar" {+Blink rElec rF-}
 12609 | D:8      | Found a runed gate.
 12637 | D:8      | Reached ***** piety under Trog
 12848 | D:8      | Noticed Xoff's ghost (novice MiFi)
 13603 | D:9      | Found a staircase to the Orcish Mines.
 13688 | D:9      | Reached skill level 5 in Fighting
 13688 | D:9      | Reached skill level 12 in Long Blades
 14356 | D:9      | Gained mutation: You have a pair of horns on your head.
                  | [demonic ancestry]
 14356 | D:9      | Reached XP level 10. HP: 74/74 MP: 10/10
 14463 | D:9      | Received a gift from Trog
 14523 | D:9      | Found a staircase to the Lair.
 15299 | D:9      | Found a shadowy altar of Dithmenos.
 15400 | D:10     | Entered Level 10 of the Dungeon
 15415 | D:10     | Shot with an arrow by a centaur

Vault maps used:
D:1:      sevenhm_arrival_forest_fort_large_2, dk_noncrumbling_4,
          minmay_pentomino_o4
D:2:      minmay_ruptured
D:3:      chequers_temple_overflow_statue_of_worship, guppyfry_early_orc_mine
D:4:      nicolae_ru_sacrificial_ziggurat, trog_wizard
D:5:      overflow_temple_1_default, overflow_temple_1_default,
          minmay_temple_entry_from_below_a, first_ration
D:6:      wad_guarded_room, elyvilon_altar_3, nicolae_overflow_crystal_walls,
          gup_sewer_entry_glass
D:7:      led_sif_pool, fedhas_altar_3, grunt_qazlal_sundering
D:8:      minmay_opposing_rooms, basic_altar, ebering_ghost_rock_garden,
          grunt_ogre_cave
D:9:      lemuel_doored_altar, lair_entry_dummy, david_orc_3, item_on_display_a
Sewer:    sewer_co_scattered_pipes

Skill      XL: |  1  2  3  4  5  6  7  8  9 |
---------------+----------------------------+-----
Long Blades    | 3 4 5 6 7 9 11 12 | 12.4
Armour         | 4 |  4.7
Fighting       | 5 |  5.7
Dodging        | |  1.7

Action                   |  1- 3 |  4- 6 |  7- 9 | 10-12 || total
-------------------------+-------+-------+-------+-------++-------
Melee: Falchion          |   125 |   267 |   788 |    73 ||  1253
       Headbutt          |       |       |    54 |    18 ||    72
Invok: Berserk           |     1 |     1 |    19 |     2 ||    23
  Use: Scroll            |       |       |     5 |       ||     5
 Stab: Sleeping          |     2 |       |       |       ||     2
  Eat: Chunk             |     3 |    11 |    32 |     3 ||    49
       Ration            |       |       |     5 |     1 ||     6
Armor: Animal skin       |    33 |     5 |       |       ||    38
       Ring mail         |       |    63 |    19 |       ||    82
       Leather armour    |       |       |   125 |    14 ||   139
Dodge: Dodged            |    94 |   160 |   337 |    43 ||   634
       Rpst.: Falchion   |    27 |    44 |   101 |    11 ||   183

Table legend:
 A = Non-vault XP
 B = Vault XP
 C = Vault XP percentage of total XP
 D = Non-vault monster count
 E = Vault monster count
 F = Vault count percentage of total count
                 A         B        C        D         E       F
            +---------+---------+-------+---------+---------+-------
      Total |    5532 |    1564 |  22.0 |     215 |      59 |  21.5
            +---------+---------+-------+---------+---------+-------
        D:1 |      43 |       6 |  12.2 |      26 |       3 |  10.3
        D:2 |      75 |       6 |   7.4 |      23 |       3 |  11.5
        D:3 |      67 |      17 |  20.2 |      24 |       7 |  22.6
        D:4 |     238 |       0 |   0.0 |      15 |       0 |   0.0
        D:5 |     924 |      56 |   5.7 |      27 |       1 |   3.6
        D:6 |     798 |     427 |  34.9 |      23 |      15 |  39.5
        D:7 |     702 |       0 |   0.0 |      13 |       0 |   0.0
        D:8 |     344 |     832 |  70.7 |      20 |       8 |  28.6
        D:9 |    1946 |     177 |   8.3 |      41 |       3 |   6.8
       D:10 |     395 |       0 |   0.0 |       3 |       0 |   0.0
      Sewer |       0 |      43 | 100.0 |       0 |      19 | 100.0
            +---------+---------+-------+---------+---------+-------
